 Dungeon Crawl Stone Soup version 0.28.0-45-g0d030f2227 (webtiles) character file.

Game seed: 6048262420441436962

185 zeratav the Insei (level 5, 0/35 HPs)
             Began as an Octopode Transmuter on Apr 9, 2022.
             Slain by an ogre
             ... wielding a +0 giant club
              (24 damage)
             ... on level 4 of the Dungeon.
             The game lasted 00:05:10 (4201 turns).

zeratav the Insei (Octopode Transmuter)             Turns: 4201, Time: 00:05:11

Health: 0/35       AC:  1    Str:  9    XL:     5   Next: 64%
Magic:  7/8        EV: 14    Int: 16    God:
Gold:   151        SH:  5    Dex: 14    Spells: 7/8 levels left

rFire   . . .      SeeInvis .   m - +1 dagger (holy) {short}
rCold   . . .      Faith    .   (no shield)
rNeg    . . .      Spirit   .   (helmet currently unavailable)
rPois   .          Reflect  +   c - amulet of reflection
rElec   .          Harm     .   g - ring of willpower
rCorr   .          Rampage  .   (no ring)
Will    +....                   (no ring)
Stlth   +++.......              (no ring)
HPRegen 0.11/turn               (no ring)
MPRegen 0.11/turn               (no ring)
                                (no ring)
                                (no ring)

@: appendages
A: tentacle spike 3, almost no armour, amphibious, 8 rings, camouflage 1,
gelatinous body 1, (nimble swimmer 1), tentacles
a: End Transformation


You were on level 4 of the Dungeon.
One of your tentacles had grown a beastly spike.
You visited 1 branch of the dungeon, and saw 4 of its levels.

You collected 151 gold pieces.


Innate Abilities, Weirdness & Mutations

One of your tentacles has grown a beastly spike.
You cannot wear most types of armour.
You are amphibious.
You can wear up to eight rings at the same time.
Your skin changes colour to match your surroundings (Stealth+).
Your rubbery body absorbs attacks. (AC +1, EV +1)
((You are camouflaged when in or above water. (Stealth+)))
You have tentacles for arms and can constrict up to eight enemies at once.


   Skills:
 + Level 2.4 Fighting
 + Level 3.0 Dodging
 + Level 3.1 Stealth
 * Level 4.5 Unarmed Combat
 - Level 2.0 Spellcasting
 - Level 2.0 Transmutations


You had 7 spell levels left.
You knew the following spells:

 Your Spells              Type           Power      Damage    Failure   Level
a - Beastly Appendage     Tmut           16%        N/A       9%          1

Your spell library contained the following spells:

 Spells                   Type           Power      Damage    Failure   Level
 Wereblood                Tmut           8%         N/A       14%         2
 Animate Skeleton         Necr           2%         N/A       21%         1
 Pain                     Necr           4%         1d4       21%         1
 Spider Form              Tmut/Pois      4%         N/A       38%         3
 Vampiric Draining        Necr           1%         2d6       52%         3
 Ice Form                 Ice/Tmut       4%         N/A       80%         4
 Hailstorm                Conj/Ice       1%         3d3       90%         4
 Freezing Cloud           Conj/Ice/Air   0%         6-21      99%         5
 Metabolic Englaciation   Hex/Ice        0%         N/A       99%         5
 Simulacrum               Ice/Necr       0%         N/A       100%        6

Inventory:

Hand Weapons
 m - a +1 dagger of holy wrath (weapon) {short}
   (You took it off a goblin on level 3 of the Dungeon)
Jewellery
 c - an amulet of reflection (around mantle)
   (You found it on level 1 of the Dungeon)
 g - a ring of willpower (left tentacle)
   (You found it on level 2 of the Dungeon)
 j - an amulet of faith {!P}
   (You found it on level 2 of the Dungeon)
 p - an amulet of magic regeneration {@e2}
   (You found it on level 4 of the Dungeon)
Scrolls
 a - 2 scrolls of teleportation {unknown}
 h - 3 scrolls of identify {unknown}
 i - a scroll of magic mapping {unknown}
 q - a scroll of vulnerability {unknown}
Potions
 b - 2 potions of ambrosia {unknown}
 d - a potion of lignification {unknown}
 e - a potion of berserk rage {unknown}
 f - a potion of invisibility {unknown}
 k - a potion of heal wounds {unknown}
 l - a potion of curing {unknown}
 n - a potion of haste {unknown}
 o - a potion of flight {unknown}

Dungeon Overview and Level Annotations

Branches:
Dungeon (4/15)
 Temple: D:4-7

Altars:
Okawaru

Shops:
D:2 [

Annotations:
D:4 3 runed translucent doors, Antichthon's ghost, amateur NaWr

.#.. ## ### ###.#.##.#
#.. .......... #.##
#......#.# ##
#.##.##...#..... .# #.#
....W....# .########.#
#.oO...#
.##.......#####.@###.. #
....#####.(.............
# .####
#.#####.........♣ # .#
#.# #######>.♣♣PP♣ # .#
##.###########.♣♣♣..PP♣
# ... ...........##.♣
..PP### ... ..
#.#.#.##..P.#.♣ ...#.
... ..# #.#.#.....♣P..♣♣
♣♣.#. ...
...#.........PP...♣♣
♣....


You could see a phantom, an ogre and an orc.


Message History

No target in view!
No target in view!
No target in view!
No target in view!
Your tentacle spike disappears.
The orc shouts!
You now have 133 gold pieces (gained 5).
p - an amulet of magic regeneration {@e2} HP[+9] MP[+1]
Your hp is fully restored (35).
Your mp is fully restored (8).
The orc suddenly grunts.
The goblin shouts!
Antichthon's ghost tells you, "None of this matters.
None of this is real!"
h - 2 scrolls labelled LOFIJU ZAURR (gained 1)
A giant cockroach comes into view.
A giant cockroach is nearby!
A jackal comes into view.
You barely miss the giant cockroach. You grab the giant cockroach.
You squeeze the giant cockroach.
You kill the giant cockroach!
The helpless jackal fails to defend itself.
You puncture the jackal!
You kill the jackal!
No target in view!
No target in view!
No target in view!
No target in view!
No target in view!
No target in view!
No target in view!
No target in view!
No target in view! 3 jackals come into view.
The jackal barks! x3
One of your tentacles grows a vicious spike.
MP[-1]
You lost 1 mp, and now have 7/8 mp.
You barely miss the jackal. You grab the jackal.
You pierce the jackal, but do no damage.
You squeeze the jackal. You constrict the jackal.
You kill the jackal!
The jackal misses you.
You miss the jackal. Your grab misses the jackal.
Your tentacle spike misses the jackal.
Your tentacle-slap misses the jackal.
You hit the jackal but do no damage. You grab the jackal.
You pierce the jackal.
Your transformation is almost over.
You constrict the jackal. The jackal misses you. The jackal barely misses you.
The jackal bites you.
HP[-1]
You take 1 damage, and now have 34/35 hp.
You hit the jackal.
You pierce the jackal.
You kill the jackal!
The jackal barely misses you. x2
You hit the jackal. Your grab misses the jackal. You squeeze the jackal.
You kill the jackal!
HP[+1]
Your hp is fully restored (35).
No target in view!
No target in view!
No target in view!
No target in view!
No target in view!
No target in view!
No target in view!
No target in view!
No target in view!
No target in view!
Search for what [? for help]? shop Your tentacle spike disappears.
h - 3 scrolls labelled LOFIJU ZAURR (gained 1)
q - a scroll labelled BYQOTO DOPNITZ MP[+1]
Your mp is fully restored (8).
You now have 151 gold pieces (gained 18).
You see here 12 stones {throwing}.
A goblin comes into view. It is wielding a +0 dagger.
The goblin shouts!
The goblin moves out of view.
An orc comes into view. It is wielding a +0 hand axe.
One of your tentacles grows a vicious spike.
MP[-1]
You lost 1 mp, and now have 7/8 mp.
An ogre comes into view. It is wielding a +0 giant club.
A phantom comes into view.
The goblin hits you with a +0 dagger.
HP[-4]
You take 4 damage, and now have 31/35 hp.
The ogre shouts!
You hit the goblin. You grab the goblin. You constrict the goblin.
You block the goblin's attack.
You hit the goblin.
You kill the goblin!
The ogre closely misses you.
You hit the ogre. You squeeze the ogre. The orc misses you.
HP[+1]
You hit the ogre. The orc hits you with a +0 hand axe!
The ogre hits you with a +0 giant club!!
Ouch! That really hurt!
You die...

Skill      XL: |  1  2  3  4  5 |
---------------+----------------+-----
Stealth        | 1 2 3 |  3.1
Fighting       | 2 |  2.4
Unarmed Combat | 4 |  4.5
Dodging        | 3 |  3.0
Spellcasting   | |  2.0
Transmutations | |  2.0

Action                   |  1- 3 |  4- 6 || total
-------------------------+-------+-------++-------
Melee: Unarmed           |    77 |     8 ||    85
       Constrict         |    21 |    15 ||    36
       Kick              |    17 |    15 ||    32
       Tentacles         |    12 |    11 ||    23
       Punch             |     2 |     3 ||     5
       Dagger            |       |    52 ||    52
 Cast: Beastly Appendage |    33 |    18 ||    51
 Stab: Sleeping          |    10 |     5 ||    15
       Distracted        |     1 |       ||     1
Armor: Skin              |    10 |     2 ||    12
Dodge: Dodged            |    40 |    26 ||    66
Block: Other             |    11 |     6 ||    17
       Reflection        |     1 |       ||     1

Levels and vault maps discovered:
D:1:      dpeg_arrival_arbitrary_b, layout_basic, minmay_curled_crystal
D:2:      layout_basic, basic_altar, serial_shops, shop
D:3:      cheibrodos_old_hovel, layout_basic, dilly_ecumenical_altar_fadedgnrine
D:4:      layout_loops_cross, serial_forest, infiniplex_forest_end_2,
          infiniplex_forest_clump_tiny, infiniplex_forest_clump_curved,
          infiniplex_forest_end_2, infiniplex_forest_clump_tiny,
          infiniplex_forest_straight_2, gammafunk_ghost_split,
          chequers_serial_rivers_large_b, uniq_blork_the_orc

Notes
Turn   | Place    | Note
-------+----------+-------------------------------------------
     0 | D:1      | zeratav the Octopode Transmuter began the quest for the
                  | Orb.
     0 | D:1      | Reached XP level 1. HP: 13/13 MP: 3/3
     0 | D:1      | magus.rc [v1.9.6]
   120 | D:1      | Reached XP level 2. HP: 10/18 MP: 5/5
   361 | D:1      | Reached skill level 1 in Stealth
   603 | D:1      | You pick up a book of Necromancy and begin reading...
   603 | D:1      | You add the spells Pain, Animate Skeleton and Vampiric
                  | Draining to your library.
  1279 | D:1      | Reached XP level 3. HP: 23/23 MP: 4/6
  1991 | D:2      | Found Mozec's Armour Boutique.
  2163 | D:2      | Reached skill level 2 in Stealth
  2250 | D:2      | Found an iron altar of Okawaru.
  2391 | D:2      | You add the spells Hailstorm, Freezing Cloud, Metabolic
                  | Englaciation and Simulacrum to your library.
  2391 | D:2      | Got the Almanac of Ice
  2436 | D:3      | Reached XP level 4. HP: 29/29 MP: 5/7
  2746 | D:3      | Reached skill level 2 in Fighting
  2746 | D:3      | Reached skill level 4 in Unarmed Combat
  3125 | D:3      | Found a faded altar of an unknown god.
  3454 | D:4      | Found a runed translucent gate.
  3465 | D:4      | Found a runed translucent gate.
  3486 | D:4      | Reached XP level 5. HP: 10/34 MP: 8/8
  3487 | D:4      | HP: 8/34 [poisoned by an adder]
  3507 | D:4      | Found a runed translucent gate.
  3516 | D:4      | Noticed Antichthon's ghost (amateur NaWr)
  3855 | D:4      | Reached skill level 3 in Dodging
  3855 | D:4      | Reached skill level 3 in Stealth
  4195 | D:4      | Noticed an ogre
  4195 | D:4      | Noticed a phantom
  4201 | D:4      | Slain by an ogre

Vanquished Creatures
  2 hounds (D:4)
  An iguana (D:3)
  3 adders
  A worm (D:2)
  2 dart slugs
  An orc (D:4)
  6 endoplasms
  2 giant cockroaches (D:4)
  8 goblins
  5 hobgoblins
  6 jackals
  2 quokkas
  5 ball pythons
  7 bats
  A frilled lizard (D:1)
  6 kobolds
  6 rats
64 creatures vanquished.

Vanquished Creatures (others)
  A plant (D:3)
1 creature vanquished.

Grand Total: 65 creatures vanquished

Table legend:
 A = Non-vault XP
 B = Vault XP
 C = Vault XP percentage of total XP
 D = Non-vault monster count
 E = Vault monster count
 F = Vault count percentage of total count
                 A         B        C        D         E       F
            +---------+---------+-------+---------+---------+-------
      Total |     263 |       2 |   0.8 |      63 |       1 |   1.6
            +---------+---------+-------+---------+---------+-------
        D:1 |      35 |       0 |   0.0 |      21 |       0 |   0.0
        D:2 |      45 |       0 |   0.0 |      17 |       0 |   0.0
        D:3 |      59 |       2 |   3.3 |      10 |       1 |   9.1
        D:4 |     124 |       0 |   0.0 |      15 |       0 |   0.0
            +---------+---------+-------+---------+---------+-------

Illustrated notes

Table legend:
 A = Kills in this place as a percentage of kills in entire the game.
 B = Kills by you in this place as a percentage of kills by you in the entire game.
 C = Kills by friends in this place as a percentage of kills by friends in the entire game.
 D = Other kills in this place as a percentage of other kills in the entire game.
 E = Experience gained in this place as a percentage of experience gained in the entire game.
 F = Experience gained in this place divided by the number of levels of this place that you have seen.
                   A       B       C       D       E      F
               +-------+-------+-------+-------+-------+----------------------
         Total | 100.0 | 100.0 |   N/A |   N/A | 100.0 |  66.2
       Dungeon | 100.0 | 100.0 |   N/A |   N/A | 100.0 |  66.2
               +-------+-------+-------+-------+-------+----------------------

Table legend: (Time is in decaauts)
 A = Elapsed time spent in this place.
 B = Non-inter-level travel time spent in this place.
 C = Inter-level travel time spent in this place.
 D = Time resting spent in this place.
 E = Time spent auto-exploring this place.
 F = Levels seen in this place.
 G = Mean time per level.
                   A        B        C        D        E       F      G
               +--------+--------+--------+--------+--------+-----+--------+
         Total |   4194 |   4097 |     97 |    309 |   3298 |   4 | 1048.5 |
       Dungeon |   4194 |   4097 |     97 |    309 |   3298 |   4 | 1048.5 |
               +--------+--------+--------+--------+--------+-----+--------+

Top non-repeatable levels by time:
     D:1: 1335 daAuts
     D:2: 1073 daAuts
     D:4: 920 daAuts
     D:3: 864 daAuts
